 Dungeon Crawl Stone Soup version 0.22.1-2-g9c5b331383 (webtiles) character file.

714 Marnok the Shield-Bearer (level 7, -6/67 HPs)
             Began as a Troll Fighter on Dec 20, 2018.
             Mangled by an orc warrior
             ... wielding a +0 glaive
              (13 damage)
             ... on level 7 of the Dungeon on Dec 21, 2018.
             The game lasted 00:25:37 (3652 turns).

Marnok the Shield-Bearer (Troll Fighter)            Turns: 3652, Time: 00:25:38

Health: -6/67      AC:  6    Str: 24 (27) XL:     7   Next: 41%
Magic:  6/6        EV: 15    Int:  6 (9)  God:
Gold:   183        SH: 10    Dex: 14      Spells: 6/6 levels left

rFire    + . .     SeeInvis .   p - +1 short sword (drain)
rCold    x . .     Gourm    +   c - +0 shield
rNeg     . . .     Faith    .   b - +1 robe
rPois    .         Spirit   .   (helmet restricted)
rElec    .         Reflect  .   (no cloak)
rCorr    .         Harm     .   (gloves unavailable)
MR       .....                  (boots unavailable)
Stlth    ++........             j - amulet of regeneration
HPRegen  1.01/turn              B - ring of fire
MPRegen  0.10/turn              (no ring)

@: brilliant, agile, about to teleport
A: large, unfitting armour, claws 3, fast metabolism 3, gourmand, regeneration
1, shaggy fur 1, tough skin 2
a: no special abilities


You were on level 7 of the Dungeon.
You were not hungry.

You visited 1 branch of the dungeon, and saw 7 of its levels.

You collected 183 gold pieces.

Inventory:

Hand Weapons
 a - a +0 long sword
 e - a +1 dagger of speed
 p - a +1 short sword of draining (weapon)
Missiles
 z - a throwing net (quivered)
 E - 14 sling bullets
Armour
 b - a +1 robe (worn)
 c - a +0 shield (worn)
 d - a +0 animal skin
Jewellery
 j - an amulet of regeneration (around neck)
 n - an uncursed amulet of rage {unknown}
 B - a ring of fire (left claw)
Wands
 w - a wand of paralysis (11)
 y - a wand of iceblast (7)
Scrolls
 g - 3 scrolls of enchant weapon
 h - 2 scrolls of enchant armour
 k - 2 scrolls of random uselessness
 q - 3 scrolls of remove curse
 r - a scroll of fear
 t - 3 scrolls of teleportation
Potions
 i - a potion of flight {unknown}
 l - a potion of magic
 m - a potion of degeneration
 o - 2 potions of curing
 s - a potion of berserk rage
 u - a potion of invisibility
Comestibles
 f - 7 rations


   Skills:
 + Level 3.6 Fighting
 + Level 3.4(3.8) Short Blades
 + Level 2.0(3.1) Long Blades
 + Level 3.9 Dodging
 + Level 0.2 Stealth
 + Level 4.2 Shields


You had 6 spell levels left.
You didn't know any spells.
Your spell library contained the following spells:

 Spells                   Type           Power        Failure   Level  Hunger
 Magic Dart               Conj           #...         14%         1    ##.....
 Searing Ray              Conj           #.....       22%         2    ###....
 Dazzling Spray           Conj/Hex       #.....       36%         3    ####...
 Force Lance              Conj/Tloc      #.......     73%         4    #####..
 Fulminant Prism          Conj/Hex       #.........   73%         4    #####..
 Iskenderun's Mystic Bla  Conj           #.......     73%         4    #####..


Dungeon Overview and Level Annotations

Branches:
Dungeon (7/15)
 Temple: D:4-7

Altars:
Ashenzari
Cheibriados
Kikubaaqudgha
Trog
Xom


Innate Abilities, Weirdness & Mutations

You are too large for most types of armour.
You have claws for hands.
Your metabolism is lightning-fast.
You like to eat raw meat.
Your natural rate of healing is unusually fast.
You are covered in fur. (AC +1)
You have very tough skin. (AC +2)


Message History

You hit the jackal.
The jackal is heavily wounded.
The jackal closely misses you.
The orc warrior hits you from afar with a glaive!
It was a potion of brilliance.
You feel clever all of a sudden. You block the jackal's attack.
The jackal bites you.
It was a potion of agility.
You feel agile all of a sudden. The orc warrior closely misses you.
The jackal closely misses you.
You hit the jackal.
The jackal is heavily wounded.
The jackal misses you.
The orc warrior hits you from afar with a glaive!!
* * * LOW HITPOINT WARNING * * *
As you read the scroll of teleportation, it crumbles to dust.
You feel strangely unstable.
The jackal bites you but does no damage.
The orc warrior hits you from afar with a glaive!
You die... .... ... ... oo#

#h# #o# #h# ###
#@# ##.###.#
##.#.##.#
######.###.#.#
#.....## ##..#
#.##.#.# #.#.#
#.##.##.#..(...
#.##.#
#.#......#
#.##.#
####...#...


You could see an orc warrior, 2 orcs and 2 jackals.

Vanquished Creatures
  An ice beast (D:5)
  An ogre (D:4)
  A big kobold (D:4)
  2 howler monkeys (D:4)
  2 hounds
  3 orc priests
  An orc wizard (D:7)
  2 hound skeletons
  Robin (D:4)
  5 adders
  An ooze (D:2)
  An adder zombie (D:6)
  4 worms
  5 dart slugs
  3 leopard geckos
  6 orcs
  3 giant cockroaches
  9 hobgoblins
  11 jackals
  3 quokkas
  3 ball pythons
  8 bats
  6 frilled lizards
  18 goblins
  14 kobolds
  4 rats
  A plant (D:4)
119 creatures vanquished.

Vanquished Creatures (others)
  A rat (D:3)
1 creature vanquished.

Grand Total: 120 creatures vanquished

Notes
Turn   | Place    | Note
-------+----------+-------------------------------------------
     0 | D:1      | Marnok the Troll Fighter began the quest for the Orb.
     0 | D:1      | Reached XP level 1. HP: 22/22 MP: 0/0
   173 | D:1      | Reached XP level 2. HP: 26/29 MP: 1/1
   455 | D:1      | Reached XP level 3. HP: 30/36 MP: 2/2
   676 | D:2      | Found a snail-covered altar of Cheibriados.
   676 | D:2      | Found a shattered altar of Ashenzari.
   682 | D:2      | Found a faded altar of an unknown god.
   684 | D:2      | Found a bloodstained altar of Trog.
   685 | D:2      | Found a faded altar of an unknown god.
   786 | D:2      | Reached skill level 1 in Short Blades
  1004 | D:2      | Reached XP level 4. HP: 44/44 MP: 3/3
  1027 | D:2      | Found a sparkling altar of Nemelex Xobeh.
  1029 | D:2      | Found a shattered altar of Ashenzari.
  1029 | D:2      | Found a shimmering altar of Xom.
  1031 | D:2      | Found a shattered altar of Ashenzari.
  1031 | D:2      | Found a deep blue altar of Sif Muna.
  1031 | D:2      | Found a hazy altar of Hepliaklqana.
  1037 | D:2      | Reached skill level 3 in Shields
  1683 | D:3      | Paralysed by a kobold for 4 turns
  1983 | D:4      | Noticed Robin
  2009 | D:4      | Killed Robin
  2009 | D:4      | Reached XP level 5. HP: 41/53 MP: 4/4
  2061 | D:4      | Noticed an ogre
  2068 | D:4      | Killed an ogre
  2068 | D:4      | Reached XP level 6. HP: 60/61 MP: 5/5
  2151 | D:5      | Entered Level 5 of the Dungeon
  2887 | D:5      | Reached skill level 4 in Shields
  2903 | D:5      | Found an ancient bone altar of Kikubaaqudgha.
  3262 | D:5      | Noticed an ice beast
  3272 | D:5      | Killed an ice beast
  3272 | D:5      | Reached XP level 7. HP: 62/67 MP: 6/6
  3652 | D:7      | Mangled by an orc warrior

Skill      XL: |  1  2  3  4  5  6 |
---------------+-------------------+-----
Long Blades    | 2 |  2.0
Short Blades   | 1 2 3 |  3.4
Shields        | 3 4 |  4.2
Fighting       | 3 |  3.6
Dodging        | 3 |  3.9
Stealth        | |  0.2

Action                   |  1- 3 |  4- 6 |  7- 9 || total
-------------------------+-------+-------+-------++-------
Melee: Long sword        |    25 |       |       ||    25
       Dagger            |   137 |       |       ||   137
       Short sword       |    18 |   262 |    51 ||   331
  Use: Potion            |       |     5 |     2 ||     7
       Scroll            |       |     9 |     1 ||    10
 Stab: Sleeping          |       |     1 |       ||     1
  Eat: Chunk             |     6 |    11 |       ||    17
       Ration            |       |     3 |     2 ||     5
Armor: Robe              |    56 |    94 |    16 ||   166
Dodge: Dodged            |    52 |    89 |    26 ||   167
Block: Shield            |    67 |   126 |    25 ||   218
       Rpst.: Long sword |     5 |       |       ||     5
